 Dungeon Crawl Stone Soup version 0.25-a0-302-g9f758675c1 (webtiles) character file.

Game seed: 4799990376948316597, levelgen mode: deterministic

1151 Faustar the Spear-Bearer (level 8, -2/102 HPs)
             Began as a Merfolk Gladiator on Dec 19, 2019.
             Slain by Pikel
             ... wielding a +1 whip of electrocution
              (8 damage)
             ... on level 5 of the Dungeon on Dec 20, 2019.
             The game lasted 00:11:39 (6817 turns).

Faustar the Spear-Bearer (Merfolk Gladiator)        Turns: 6817, Time: 00:11:39

Health: -2/102     AC: 24    Str: 20 (22) XL:     8   Next: 38%
Magic:  8/8        EV:  2    Int:  5 (7)  God:
Gold:   279        SH:  0    Dex: 19 (20) Spells: 7/7 levels left

rFire    . . .     SeeInvis .   a - +0 trident
rCold    . . .     Gourm    .   (no shield)
rNeg     + + +     Faith    .   (armour currently unavailable)
rPois    +         Spirit   .   (helmet currently unavailable)
rElec    .         Reflect  .   (cloak currently unavailable)
rCorr    .         Harm     .   (gloves currently unavailable)
MR       .....     NoTele   +   (boots currently unavailable)
Stlth    +++.......             (no amulet)
HPRegen  0.27/turn              e - ring of positive energy
MPRegen  0.11/turn              (no ring)

@: mighty, agile, tree-form (expiring)
A: (change form in water), (swift swim), (stealthy swim)
a: no special abilities


You were on level 5 of the Dungeon.
You were very hungry.
You were a tree.
You visited 1 branch of the dungeon, and saw 6 of its levels.

You collected 279 gold pieces.

Inventory:

Hand Weapons
 a - a +0 trident (weapon)
Missiles
 d - 4 throwing nets (quivered)
Armour
 b - a +0 leather armour
 c - a +0 helmet (melded)
 s - a +2 pair of gloves (melded)
 t - a +0 scale mail (melded)
 u - the +2 robe of Distant Worlds {rN+ Str+2 Int+2 Dex+3}
   (You found it on level 4 of the Dungeon)

   It affects your strength (+2).
   It affects your intelligence (+2).
   It affects your dexterity (+3).
   It protects you from negative energy.
 w - a +0 shield
 x - a +0 pair of boots (melded)
Jewellery
 e - a ring of positive energy (left branch)
 v - an uncursed ring of protection from cold {unknown}
Wands
 l - a wand of iceblast (9)
Scrolls
 g - 4 scrolls of identify
 h - a scroll of remove curse
 i - 2 scrolls of amnesia
 m - 2 scrolls of teleportation {unknown}
 n - 3 scrolls of enchant weapon {unknown}
 q - 2 scrolls of blinking {unknown}
 r - a scroll of immolation {unknown}
Potions
 k - a potion of berserk rage {unknown}
 o - a potion of flight
Comestibles
 f - 6 rations


   Skills:
 + Level 7.8 Fighting
 + Level 10.6 Polearms
 - Level 2.0 Throwing
 - Level 4.0 Dodging


You had 7 spell levels left.
You didn't know any spells.
Your spell library was empty.

Dungeon Overview and Level Annotations

Branches:
Dungeon (6/15)
 Temple: D:4-7

Altars:

Shops:
D:5 %

Annotations:
D:5 Pikel


Message History

Pikel is heavily wounded.
Pikel zaps a wand.
You resist with some effort.
The now-empty wand crumbles to dust.
The slave hits you but does no damage.
You hit Pikel.
Pikel is severely wounded.
Pikel hits you but does no damage.
It was a potion of agility.
You feel agile all of a sudden.
Pikel hits you with a +1 whip of electrocution.
* * * LOW HITPOINT WARNING * * *
The slave hits you but does no damage. Pikel completely misses you.
It was a potion of might.
You feel very mighty all of a sudden. The slave hits you but does no damage.
Pikel hits you but does no damage.
It was a potion of degeneration.
There was something very wrong with that liquid.
You feel weakened.
You feel dopey.
You feel clumsy.
Your transformation is almost over.
Pikel hits you but does no damage.
You are electrocuted!
You die...

#.## #... #.## #.# #.#
#.# ######## #.#
######......###.##
#♣K..'............
#p####)..[..###.#.
#...........# #.#.
#######.###.......# #.#.
#.......# #.......# #.#.
#.......# #.......# #.#.
#.......# #.#########.#.
#.......###.#####.....#.
#.........).............


You could see Pikel and a slave.

Vanquished Creatures
  A wraith (D:6)
  Duvessa (D:5)
  A hornet zombie (D:6)
  2 ogres (D:5)
  A gnoll sergeant (D:5)
  Dowan (D:5)
  A howler monkey (D:4)
  A hound (D:4)
  A jelly (D:6)
  Ijyb (D:5)
  2 orc wizards
  An iguana (D:5)
  5 worker ants
  3 adders
  6 gnolls
  An adder skeleton (D:4)
  4 dart slugs (D:1)
  4 leopard geckos
  17 orcs
  2 ball pythons
  5 giant cockroaches
  13 goblins
  5 hobgoblins (D:1)
  2 quokkas
  9 bats
  7 frilled lizards
  5 kobolds
  6 rats
108 creatures vanquished.

Notes
Turn   | Place    | Note
-------+----------+-------------------------------------------
     0 | D:1      | Faustar the Merfolk Gladiator began the quest for the Orb.
     0 | D:1      | Reached XP level 1. HP: 16/16 MP: 1/1
    26 | D:1      | Reached XP level 2. HP: 23/23 MP: 2/2
   138 | D:1      | You fall into a shaft and drop 1 floor!
   156 | D:2      | Reached skill level 5 in Polearms
   378 | D:1      | Reached XP level 3. HP: 21/29 MP: 3/3
   540 | D:1      | You fall into a shaft and drop 1 floor!
   625 | D:2      | Reached XP level 4. HP: 19/37 MP: 4/4
   648 | D:2      | Reached skill level 6 in Polearms
  1932 | D:3      | Reached XP level 5. HP: 30/42 MP: 5/5
  2223 | D:3      | Noticed an orc warrior
  3394 | D:4      | Reached skill level 7 in Polearms
  3522 | D:4      | Reached XP level 6. HP: 50/50 MP: 6/6
  3590 | D:4      | Reached skill level 5 in Fighting
  3614 | D:4      | Upgraded the game from 0.25-a0-294-gea9b1ad378 to
                  | 0.25-a0-302-g9f758675c1
  4132 | D:5      | Entered Level 5 of the Dungeon
  4192 | D:5      | Reached skill level 8 in Polearms
  4200 | D:5      | Found Qaomuyn's Food Boutique.
  4407 | D:5      | Noticed Ijyb
  4439 | D:4      | Reached XP level 7. HP: 27/57 MP: 0/7
  4875 | D:4      | Got a steaming robe
  4887 | D:4      | Identified the +2 robe of Distant Worlds {rN+ Str+2 Int+2
                  | Dex+3} (You found it on level 4 of the Dungeon)
  5548 | D:5      | Reached skill level 9 in Polearms
  5568 | D:5      | Killed Ijyb
  5933 | D:5      | Noticed Dowan
  5935 | D:5      | Noticed Duvessa
  5984 | D:5      | Killed Duvessa
  6085 | D:5      | Killed Dowan
  6432 | D:5      | Reached XP level 8. HP: 65/67 MP: 8/8
  6587 | D:6      | Reached skill level 10 in Polearms
  6602 | D:6      | Noticed a wraith
  6645 | D:6      | Killed a wraith
  6784 | D:6      | Noticed Pikel
  6815 | D:5      | HP: 5/102 [Pikel/+1 whip of electrocution (4)]
  6817 | D:5      | Slain by Pikel

Levels and vault maps discovered:
D:1:      dpeg_arrival_rooms_b, layout_basic
D:2:      layout_basic
D:3:      layout_basic, first_ration
D:4:      layout_loops_ring
D:5:      layout_basic, serial_shops, shop, uniq_duvessa, uniq_ijyb
D:6:      layout_gridville, overflow_temple_1_default, temple_doors_cd,
          uniq_menkaure, uniq_pikel

Skill      XL: |  1  2  3  4  5  6  7  8 |
---------------+-------------------------+-----
Polearms       | 5 6 7 8 9 10 | 10.6
Fighting       | 3 4 5 7 |  7.8
Throwing       | |  2.0
Dodging        | |  4.0

Action                   |  1- 3 |  4- 6 |  7- 9 || total
-------------------------+-------+-------+-------++-------
Melee: Trident           |    96 |   227 |   205 ||   528
  Use: Potion            |     1 |       |     4 ||     5
       Scroll            |       |     3 |     2 ||     5
 Stab: Sleeping          |     1 |     1 |       ||     2
  Eat: Chunk             |       |     7 |     4 ||    11
       Ration            |       |     1 |     1 ||     2
Armor: Leather armour    |    12 |    27 |       ||    39
       Scale mail        |       |       |    53 ||    53
       Robe              |       |       |     3 ||     3
       Skin              |       |       |    20 ||    20
Dodge: Dodged            |    58 |   135 |    78 ||   271

Table legend:
 A = Non-vault XP
 B = Vault XP
 C = Vault XP percentage of total XP
 D = Non-vault monster count
 E = Vault monster count
 F = Vault count percentage of total count
                 A         B        C        D         E       F
            +---------+---------+-------+---------+---------+-------
      Total |    1382 |     263 |  16.0 |     105 |       3 |   2.8
            +---------+---------+-------+---------+---------+-------
        D:1 |      56 |       0 |   0.0 |      28 |       0 |   0.0
        D:2 |      83 |       0 |   0.0 |      22 |       0 |   0.0
        D:3 |      86 |       0 |   0.0 |      19 |       0 |   0.0
        D:4 |     238 |       0 |   0.0 |      13 |       0 |   0.0
        D:5 |     480 |     263 |  35.4 |      15 |       3 |  16.7
        D:6 |     439 |       0 |   0.0 |       8 |       0 |   0.0
            +---------+---------+-------+---------+---------+-------
